 Dungeon Crawl Stone Soup version 0.26-a0-966-gd078a86f14 (webtiles) character file.

Game seed: 16051354099201305442

15220 miscthings the Summoner (level 11, 0/48 HPs)
             Began as a Felid Summoner on Dec 3, 2020.
             Was an Elder of Sif Muna.
             Slain by a catoblepas (30 damage)
             ... on level 5 of the Lair of Beasts.
             The game lasted 01:05:50 (21735 turns).

miscthings the Summoner (Felid Summoner)           Turns: 21735, Time: 01:05:51

Health: 0/48       AC:  4    Str:  4    XL:     11   Next: 99%
Magic:  22/33      EV: 24    Int: 24    God:    Sif Muna [****..]
Gold:   937        SH:  5    Dex: 17    Spells: 9/26 levels left
                                        Lives:  0   Deaths: 3

rFire    + . .     SeeInvis +   (weapon unavailable)
rCold    + . .     Faith    .   (shield unavailable)
rNeg     + + .     Spirit   .   (armour unavailable)
rPois    .         Reflect  +   (helmet unavailable)
rElec    .         Harm     .   (cloak unavailable)
rCorr    +         Rampage  .   (gloves unavailable)
MR       +....                  (boots unavailable)
Stlth    +++++.....             j - amulet of reflection
HPRegen  0.16/turn              b - ring of protection from fire
MPRegen  0.23/turn              I - ring of the Endless Expanse {+Blink rN++ rCorr MP+9 Int+4}

@: very slightly contaminated, quick
A: very small, no armour, no weapons or thrown items, stealth, claws 1, fangs 3,
slimy green scales 1, see invisible, cold resistance 1, speed 1, shaggy fur 2,
sharp paws
a: Channel Magic, Forget Spell, Divine Exegesis, Renounce Religion, Evoke Blink


You were on level 5 of the Lair of Beasts.
You worshipped Sif Muna.
Sif Muna was greatly pleased with you.
You visited 3 branches of the dungeon, and saw 17 of its levels.

You collected 937 gold pieces.

Inventory:

Jewellery
 a - an uncursed amulet of regeneration
 b - a ring of protection from fire (left paw)
 f - an uncursed ring of protection from cold
 j - an amulet of reflection (around neck)
 H - an uncursed ring of protection from cold
 I - the ring of the Endless Expanse (right paw) {+Blink rN++ rCorr MP+9 Int+4}
   (You found it on level 6 of the Lair of Beasts)

   [ring of resist corrosion]

   It affects your intelligence (+4).
   It greatly protects you from negative energy.
   It affects your magic capacity (+9).
   It lets you blink.
   It provides partial protection from all sources of acid and corrosion.
Wands
 t - a wand of polymorph (26)
 u - a wand of acid (25) (quivered)
 v - a wand of enslavement (19)
 y - a wand of paralysis (2)
 z - a wand of random effects (17)
 E - a wand of iceblast (3)
Scrolls
 c - 2 scrolls of immolation
 g - 4 scrolls of blinking
 k - 4 scrolls of teleportation
 l - 8 scrolls of remove curse
 n - 2 scrolls of magic mapping
 p - 6 scrolls of amnesia
 w - a scroll of vulnerability
 x - 3 scrolls of fear
 C - a scroll of holy word
Potions
 e - 3 potions of attraction
 i - 3 potions of invisibility
 m - 4 potions of curing
 q - a potion of mutation
 r - 2 potions of lignification
 s - a potion of magic
 A - 2 potions of ambrosia
 B - 3 potions of haste
 D - a potion of might
 F - a potion of heal wounds


   Skills:
 - Level 6.0 Fighting
 - Level 8.3 Dodging
 - Level 9.0 Stealth
 - Level 8.2 Spellcasting
 + Level 8.6 Hexes
 - Level 10.6 Summonings
 - Level 5.0 Ice Magic
 - Level 5.0 Air Magic
 - Level 6.0 Invocations
 - Level 9.4 Evocations


You had 9 spell levels left.
You knew the following spells:

 Your Spells              Type           Power        Failure   Level
a - Call Imp              Summ           ######..     1%          2
b - Summon Small Mammal   Summ           ####         1%          1
c - Summon Ice Beast      Ice/Summ       #####...     2%          4
d - Summon Lightning Spi  Summ/Air       #####...     2%          4
e - Invisibility          Hex            ######..     28%         6

Your spell library contained the following spells:

 Spells                   Type           Power        Failure   Level
 Corona                   Hex            ######.      1%          1
 Call Canine Familiar     Summ           ######..     1%          3
 Confusing Touch          Hex            ######..     1%          3
 Summon Guardian Golem    Hex/Summ       ######..     1%          3
 Tukima's Dance           Hex            ######..     1%          3
 Apportation              Tloc           #.....       6%          1
 Metabolic Englaciation   Hex/Ice        #####.....   11%         5
 Silence                  Hex/Air        #####.....   11%         5
 Gell's Gravitas          Tloc           #.........   19%         3
 Lesser Beckoning         Tloc           #.........   19%         3
 Yara's Violent Unravell  Hex/Tmut       ####......   30%         5
 Petrify                  Tmut/Erth      #.......     54%         4
 Summon Greater Demon     Summ           ######....   56%         7
 Alistair's Intoxication  Tmut/Pois      #........    87%         5
 Conjure Ball Lightning   Conj/Air       ###.......   98%         6
 Malign Gateway           Summ/Tloc      #####.....   99%         7
 Tornado                  Air            ####......   100%        9


Dungeon Overview and Level Annotations

Branches:
Dungeon (10/15)            Temple (1/1) D:7            Lair (6/6) D:10
  Swamp (0/4) Lair:3        Snake (0/4) Lair:4        Slime (0/5) Lair:6
    Orc (0/2) D:10

Altars:
Ashenzari
Cheibriados
Dithmenos
Elyvilon
Fedhas
Gozag
Hepliaklqana
Kikubaaqudgha
Makhleb
Nemelex Xobeh
Okawaru
Qazlal
Ru
Sif Muna
Trog
Uskayaw
Vehumet
Wu Jian
Xom
Yredelemnul
Zin
The Shining One
Jiyva

Shops:
D:5 *   D:10 *

Annotations:
D:8 2 transporters, civil's ghost, novice MiDe
Lair:1 2 runed translucent doors, xraymikek's ghost, journeyman DrFE


Innate Abilities, Weirdness & Mutations

You cannot wear armour.
You are incapable of wielding weapons or throwing items.
Your paws allow you to move quietly. (Stealth)
You have sharp claws.
You have razor-sharp teeth.
You have supernaturally acute eyesight. (SInv)
You cover ground quickly.
You are covered in thick fur. (AC +2)
Your sharp claws are effective at attacking unaware monsters.
You are partially covered in slimy green scales. (AC +2)
Your flesh is cold resistant. (rC+)


Message History

Your ice beast is engulfed in calcifying dust.
Your ice beast is moving more slowly.
Your ice beast hits the catoblepas but does no damage.
The catoblepas breathes a plume of calcifying dust at you.
The blast of calcifying dust hits your ice beast.
The blast of calcifying dust hits you!
Your ice beast is engulfed in calcifying dust.
Your ice beast stops moving altogether!
Your ice beast is engulfed in calcifying dust.
Your ice beast is moving more slowly.
Your ice beast hits the catoblepas but does no damage.
The catoblepas gores your ice beast!
Your ice beast stops moving altogether!
Your ice beast is engulfed in calcifying dust. x2
The catoblepas breathes a plume of calcifying dust at you.
The blast of calcifying dust hits you.
Your ice beast is engulfed in calcifying dust. x2
The catoblepas gores you!!
Ouch! That really hurt!
You die...

##......§..#P.>§......
#...§..§......^..#....
#......§.......§§....#
##...§.§..#.##..#...... #.
##....§.§.P..#.##.§....# ...
#...#.§§......#.##..#.P#
#..###...8.YY................
.........Y§§§§...<..†.....#
......P..@.#...÷.........#
##...#P....P.......†......
#...##.P...........P.....#
##....#...>.##P..........P
##...##....###.##....#...
##.††...##.####§........
##....#.### #.F.#.....
#P.....## ##....(... ###....#
###......


You could see a catoblepas, 2 friendly ice beasts and a friendly lightning spire
(summoned).

Vanquished Creatures
  A dire elephant (Lair:6)
  A boulder beetle (Lair:2)
  A hydra (Lair:3)
  Joseph (D:8)
  A torpor snail (Lair:5)
  A nameless horror (D:4)
  2 blink frogs (Lair:6)
  2 yaks (Lair:5)
  2 water moccasins
  An orc warrior (D:7)
  A centaur (D:8)
  A bullfrog (Lair:5)
  6 electric eels
  A hound skeleton (D:8)
  An orc (D:5)
  A giant cockroach (D:1)
  4 kobolds
  A bat (D:1)
  A goblin (D:1)
30 creatures vanquished.

Vanquished Creatures (collateral kills)
  3 dire elephants (Lair:6)
  Snorg (Lair:3)
  The ghost of FalseProphet the Grappler, a journeyman TrTm of Cheibriados (Lair:3)
  A boulder beetle (Lair:3)
  4 hydras
  An anaconda (Lair:6)
  3 two-headed ogres
  6 death yaks
  Pikel (D:9)
  2 oklob plants
  10 elephants (Lair:6)
  3 black mambas
  Maggie (Lair:2)
  16 cane toads
  11 komodo dragons
  A troll (D:10)
  A polar bear (Lair:6)
  5 nameless horrors
  Grinder (D:4)
  2 hornets
  13 blink frogs
  5 wyverns
  27 yaks
  Grum (D:8)
  2 basilisks (Lair:6)
  Duvessa (D:4)
  25 water moccasins
  4 orc warriors
  4 ice beasts
  A black bear (D:7)
  2 phantoms
  8 ogres
  A necrophage (D:10)
  2 sky beasts
  18 wolves
  8 centaurs
  2 lemures (D:9)
  A gnoll sergeant (D:8)
  A wyvern zombie (D:6)
  11 bullfrogs
  3 scorpions
  Dowan (D:4)
  3 wights (D:10)
  2 howler monkeys
  3 electric eels
  2 quasits
  A lava snake (Lair:2)
  2 bullfrog skeletons (D:8)
  3 hounds
  4 jellies
  6 orc priests
  2 centaur skeletons
  7 iguanas
  5 orc wizards
  5 worker ants
  A hound zombie (D:4)
  4 gnolls (D:8)
  14 adders
  A shadow imp (D:6)
  2 white imps
  An ufetubus (D:5)
  An ooze (D:4)
  An adder skeleton (D:5)
  3 leopard geckos
  32 orcs
  3 bats
  6 giant cockroaches
  7 goblins
  4 hobgoblins
  24 jackals
  2 quokkas
  3 ball pythons
  4 frilled lizards
  8 kobolds
  2 leopard gecko skeletons (D:5)
  A quokka skeleton (D:5)
  2 rats (D:1)
386 creatures vanquished.

Vanquished Creatures (others)
  A wyvern (D:10)
  A bat (D:3)
  56 fungi
  90 plants
148 creatures vanquished.

Grand Total: 564 creatures vanquished

Notes
Turn   | Place    | Note
-------+----------+-------------------------------------------
     0 | D:1      | miscthings the Felid Summoner began the quest for the Orb.
     0 | D:1      | Reached XP level 1. HP: 7/7 MP: 4/4
   353 | D:1      | Reached XP level 2. HP: 10/11 MP: 4/6
  1021 | D:2      | Noticed a bullfrog
  1099 | D:2      | Learned a level 2 spell: Call Imp
  1413 | D:2      | Killed a bullfrog
  1414 | D:2      | Reached skill level 5 in Summonings
  1414 | D:2      | Reached XP level 3. HP: 8/14 MP: 4/7
  1830 | D:3      | Reached XP level 4. HP: 18/18 MP: 4/8
  2098 | D:3      | Gained mutation: Your flesh is cold resistant. (rC+)
                  | [potion of mutation]
  2098 | D:3      | Gained mutation: You are partially covered in slimy green
                  | scales. (AC +2) [potion of mutation]
  2516 | D:4      | Learned a level 4 spell: Summon Ice Beast
  2545 | D:4      | Reached skill level 6 in Summonings
  2693 | D:4      | Noticed Dowan
  2745 | D:4      | Noticed Duvessa
  2754 | D:4      | Noticed a nameless horror
  2856 | D:4      | Noticed Grinder
  2875 | D:4      | Noticed an ogre
  3018 | D:4      | Noticed a nameless horror
  3143 | D:3      | Killed an ogre
  3144 | D:3      | Reached XP level 5. HP: 14/21 MP: 1/9
  3281 | D:4      | Killed Grinder
  3340 | D:4      | Killed a nameless horror
  3513 | D:4      | Killed Dowan
  3514 | D:4      | Gained mutation: You are covered in thick fur. (AC +2)
                  | [Felid growth]
  3514 | D:4      | Reached XP level 6. HP: 24/24 MP: 4/11
  3536 | D:4      | Noticed a nameless horror
  3672 | D:4      | Killed Duvessa
  3673 | D:4      | Reached skill level 7 in Summonings
  4078 | D:4      | Killed a nameless horror
  4266 | D:4      | Killed a nameless horror
  4404 | D:5      | Entered Level 5 of the Dungeon
  4498 | D:5      | Learned a level 4 spell: Summon Lightning Spire
  4521 | D:5      | Found Qusm's Lightly-Used Armoury.
  4680 | D:5      | Reached skill level 1 in Ice Magic
  4836 | D:5      | Found a shimmering altar of Xom.
  5173 | D:5      | Noticed an ice beast
  5228 | D:5      | Killed an ice beast
  5229 | D:5      | Reached skill level 1 in Air Magic
  5229 | D:5      | Reached XP level 7. HP: 27/27 MP: 8/13
  5436 | D:5      | Noticed a nameless horror
  5442 | D:5      | Killed a nameless horror
  6176 | D:6      | Noticed a nameless horror
  6190 | D:6      | Killed a nameless horror
  6442 | D:6      | Noticed a nameless horror
  6780 | D:6      | Noticed a nameless horror
  7609 | D:6      | Killed a nameless horror
  7897 | D:7      | Found a staircase to the Ecumenical Temple.
  7907 | Temple   | Entered the Ecumenical Temple
  8096 | Temple   | Became a worshipper of Sif Muna the Loreminder
  8125 | D:7      | Reached XP level 8. HP: 26/31 MP: 10/15
  8624 | D:7      | Reached skill level 8 in Summonings
  9215 | D:8      | Reached skill level 5 in Spellcasting
  9278 | D:8      | Found a transporter.
  9278 | D:8      | Noticed a centaur warrior
  9279 | D:8      | Noticed civil's ghost (novice MiDe)
  9296 | D:8      | Reached * piety under Sif Muna
  9364 | D:8      | Noticed a two-headed ogre
  9386 | D:8      | Killed a two-headed ogre
  9407 | D:8      | Found a transporter.
  9533 | D:8      | Reached XP level 9. HP: 11/34 MP: 13/18
  9789 | D:8      | Found a stormy altar of Qazlal.
  9790 | D:8      | Noticed Joseph
  9821 | D:8      | Killed Joseph
  9944 | D:8      | Noticed Grum
  9952 | D:8      | Killed Grum
  9954 | D:8      | Reached skill level 5 in Ice Magic
  9956 | D:8      | Reached skill level 5 in Air Magic
 10328 | D:8      | Noticed a two-headed ogre
 10337 | D:8      | Killed a two-headed ogre
 10338 | D:8      | Reached skill level 9 in Summonings
 10635 | D:8      | Found a hazy altar of Hepliaklqana.
 10911 | D:9      | Reached skill level 10 in Summonings
 10914 | D:9      | Reached skill level 1 in Evocations
 10926 | D:9      | Found a bloodstained altar of Trog.
 11173 | D:9      | Reached skill level 1 in Fighting
 11363 | D:9      | Reached skill level 1 in Invocations
 11658 | D:9      | Noticed Pikel
 11696 | D:9      | Killed Pikel
 11797 | D:10     | Entered Level 10 of the Dungeon
 11908 | D:10     | Noticed a two-headed ogre
 11921 | D:10     | Killed a two-headed ogre
 11922 | D:10     | Reached XP level 10. HP: 39/39 MP: 12/20
 11964 | D:10     | Reached ** piety under Sif Muna
 11998 | D:10     | HP: 1/40 [wyvern (13)]
 11999 | D:10     | Succumbed to a water moccasin's poison
 12000 | D:10     | Reached XP level 9. HP: 0/36 MP: 2/19
 12539 | D:10     | Found a staircase to the Lair.
 12593 | D:10     | Noticed a troll
 12597 | D:10     | Reached *** piety under Sif Muna
 12603 | D:10     | Killed a troll
 12757 | D:10     | Found Zowkoene's Demolitions Depot.
 12984 | D:10     | Found a staircase to the Orcish Mines.
 13120 | Lair:1   | Entered Level 1 of the Lair of Beasts
 13128 | Lair:1   | Found a large runed translucent door.
 13131 | Lair:1   | Found a large runed translucent door.
 13133 | Lair:1   | Noticed xraymikek's ghost (journeyman DrFE)
 13178 | Lair:1   | Noticed a cane toad
 13188 | Lair:1   | Reached skill level 5 in Stealth
 13242 | Lair:1   | Noticed a komodo dragon
 13243 | Lair:1   | Noticed a komodo dragon
 13249 | Lair:1   | Noticed a five-headed hydra
 13249 | Lair:1   | Slain by a cane toad
 13250 | Lair:1   | Reached XP level 8. HP: -5/34 MP: 16/18
 13367 | Lair:1   | Killed a komodo dragon
 13368 | Lair:1   | Reached skill level 5 in Dodging
 13368 | Lair:1   | Reached XP level 9. HP: 37/37 MP: 7/20
 13391 | Lair:1   | Killed a cane toad
 13405 | Lair:1   | Noticed a komodo dragon
 13649 | Lair:1   | Reached skill level 5 in Evocations
 13653 | Lair:1   | Killed a five-headed hydra
 13826 | Lair:1   | Killed a komodo dragon
 13830 | Lair:1   | Killed a komodo dragon
 13885 | Lair:2   | Found a blossoming altar of Fedhas.
 14171 | Lair:2   | Noticed a cane toad
 14183 | Lair:2   | Killed a cane toad
 14200 | Lair:2   | Noticed a komodo dragon
 14217 | Lair:2   | Killed a komodo dragon
 14254 | Lair:2   | Noticed a cane toad
 14259 | Lair:2   | Killed a cane toad
 14346 | Lair:2   | Noticed Maggie
 14358 | Lair:2   | Killed Maggie
 14359 | Lair:2   | Reached XP level 10. HP: 42/42 MP: 3/21
 14654 | Lair:2   | Noticed a boulder beetle
 14687 | Lair:2   | Killed a boulder beetle
 14842 | Lair:2   | Reached **** piety under Sif Muna
 15039 | Lair:3   | Found a runed translucent gate.
 15039 | Lair:3   | Found a runed translucent gate.
 15039 | Lair:3   | Found a runed translucent gate.
 15049 | Lair:3   | Noticed a cane toad
 15057 | Lair:3   | Noticed a cane toad
 15060 | Lair:3   | Killed a cane toad
 15064 | Lair:3   | Killed a cane toad
 15073 | Lair:3   | Noticed Snorg
 15099 | Lair:3   | Killed Snorg
 15108 | Lair:3   | Noticed an eight-headed hydra
 15114 | Lair:3   | Killed an eight-headed hydra
 15119 | Lair:3   | Noticed FalseProphet's ghost (journeyman TrTm)
 15119 | Lair:3   | Noticed a ten-headed hydra
 15167 | Lair:3   | Noticed a cane toad
 15178 | Lair:3   | Noticed a cane toad
 15181 | Lair:3   | Killed a cane toad
 15189 | Lair:3   | Killed a cane toad
 15347 | Lair:3   | Noticed a black mamba
 15353 | Lair:3   | Killed a black mamba
 15382 | Lair:3   | Noticed a five-headed hydra
 15393 | Lair:3   | Killed a five-headed hydra
 15500 | Lair:3   | Found a staircase to the Swamp.
 15550 | Lair:3   | Noticed an oklob plant
 15557 | Lair:3   | Killed an oklob plant
 15738 | Lair:3   | Noticed a boulder beetle
 15761 | Lair:3   | Killed a boulder beetle
 15762 | Lair:3   | Reached XP level 11. HP: 46/46 MP: 2/23
 16113 | Lair:3   | Killed a ten-headed hydra
 16179 | Lair:3   | Killed FalseProphet's ghost
 16667 | Lair:4   | Reached skill level 5 in Fighting
 16667 | Lair:4   | Reached skill level 5 in Invocations
 17119 | Lair:4   | Found a staircase to the Snake Pit.
 17552 | Lair:5   | Noticed a death yak
 17552 | Lair:5   | Noticed a death yak
 17613 | Lair:4   | Killed a death yak
 17750 | Lair:5   | Reached ***** piety under Sif Muna
 18033 | Lair:5   | Noticed a six-headed hydra
 18042 | Lair:5   | Killed a six-headed hydra
 18146 | Lair:6   | Entered Level 6 of the Lair of Beasts
 18152 | Lair:6   | Found a hide-covered altar of Uskayaw.
 18187 | Lair:6   | Identified Sif Muna's Reference Book on Creative
                  | Bewitchment (Sif Muna gifted it to you on level 6 of the
                  | Lair of Beasts)
 18187 | Lair:6   | Received a gift from Sif Muna
 18191 | Lair:6   | Slain by a blink frog
 18192 | Lair:6   | Reached XP level 10. HP: -2/44 MP: 11/22
 18192 | Lair:6   | Noticed an oklob plant
 18192 | Lair:6   | Noticed a cane toad
 18329 | Lair:6   | Noticed a cane toad
 18337 | Lair:6   | Killed a cane toad
 18526 | Lair:6   | Found a staircase to the Slime Pits.
 18527 | Lair:6   | Found a viscous altar of Jiyva.
 18543 | Lair:6   | Noticed an elephant
 18543 | Lair:6   | Noticed an elephant
 18543 | Lair:6   | Noticed an elephant
 18551 | Lair:6   | Reached XP level 11. HP: 48/48 MP: 9/24
 18716 | Lair:6   | Noticed a death yak
 18724 | Lair:6   | Noticed a death yak
 18727 | Lair:6   | Noticed a death yak
 18730 | Lair:6   | Noticed a death yak
 18762 | Lair:6   | Killed a death yak
 18764 | Lair:6   | Killed a death yak
 18789 | Lair:6   | Killed a death yak
 18812 | Lair:6   | Killed a death yak
 19458 | Lair:6   | Learned a level 6 spell: Invisibility
 19484 | Lair:6   | Reached skill level 1 in Hexes
 20057 | Lair:6   | Killed an oklob plant
 20388 | Lair:6   | Got a brightly glowing bone ring
 20395 | Lair:6   | Identified the ring of the Endless Expanse {+Blink rN++
                  | rCorr MP+9 Int+4} (You found it on level 6 of the Lair of
                  | Beasts)
 20470 | Lair:6   | Noticed an anaconda
 20481 | Lair:6   | Killed an anaconda
 20482 | Lair:6   | Reached skill level 5 in Hexes
 20485 | Lair:6   | Noticed a dire elephant
 20504 | Lair:6   | Noticed a dire elephant
 20668 | Lair:6   | Noticed a dire elephant
 20766 | Lair:6   | Killed a dire elephant
 20882 | Lair:6   | Noticed a dire elephant
 20899 | Lair:6   | Killed a dire elephant
 21035 | Lair:6   | Noticed a dire elephant
 21035 | Lair:6   | Noticed a dire elephant
 21111 | Lair:6   | Killed a dire elephant
 21431 | Lair:6   | Killed a dire elephant
 21579 | Lair:5   | Killed a death yak
 21722 | Lair:5   | Noticed a catoblepas
 21735 | Lair:5   | Slain by a catoblepas

Illustrated notes

Levels and vault maps discovered:
D:1:      dpeg_chamrin_arrival_tetris, layout_loops_ring
D:2:      layout_rooms
D:3:      wander_river, layout_rooms
D:4:      mumra_celtic_spiral_tile, layout_basic, uniq_grinder, uniq_duvessa
D:5:      layout_basic, old_standard_altar, minmay_shop_damaged
D:6:      layout_layer_cave
D:7:      layout_basic, minmay_temple_entry_drinking_statues
D:8:      layout_basic, gammafunk_ghost_arena, minmay_misc_feat_more_columns,
          hangedman_feature_mirror, uniq_grum, uniq_joseph
D:9:      layout_irregular_city, serial_co_window_serial, co_window_corner_a,
          co_window_of_opportunity_a, co_window_corner_a, co_window_paths_b,
          co_window_corner_a, co_window_corner_ca, co_window_corner_b,
          co_window_unsneaky_path_b, co_window_unsneaky_path_b,
          co_window_corner_b, co_window_broadway_a, glass_columns_a,
          glass_columns_a, glass_columns_a, bloody_trog, uniq_pikel
D:10:     layout_roguey, minmay_lair_entry_grove, erik_orc_2,
          nicolae_blasting_shop, nrook_mini_vaults, hangedman_decor_peaks_small,
          minmay_between
Temple:   minmay_crystal_snake_temple
Lair:1:   layout_gridlike, ebering_ghost_disaster_area,
          grunt_forest_large_clearing_hut, serial_bayou_shore_b
Lair:2:   layout_gridlike, basic_altar, st_stairs_5, infiniplex_staircase_pool,
          uniq_maggie
Lair:3:   layout_regular_city, swamp_mist_pool, gammafunk_ghost_hydra_chop,
          minmay_lair_oklob_chamber, uniq_snorg
Lair:4:   layout_roguey, minmay_snake_entry_six_corridors,
          chequers_serial_rivers_large_a
Lair:5:   layout_misc_corridors
Lair:6:   due_jungle_book, layout_regular_city, slime_altar_1, basic_altar,
          grunt_forest_small_clearings, serial_bayou_shore_a

Skill      XL: |  1  2  3  4  5  6  7  8  9 10 11 |
---------------+----------------------------------+-----
Summonings     | 5 6 7 8 10 | 10.6
Spellcasting   | 3 4 5 7 8 |  8.2
Ice Magic      | 1 2 4 5 |  5.0
Air Magic      | 1 2 4 5 |  5.0
Dodging        | 5 4 6 8 |  8.3
Stealth        | 6 7 9 |  9.0
Evocations     | 5 7 9 |  9.4
Fighting       | 3 4 6 |  6.0
Invocations    | 3 4 6 |  6.0
Hexes          | 8 |  8.6

Action                   |  1- 3 |  4- 6 |  7- 9 | 10-12 || total
-------------------------+-------+-------+-------+-------++-------
Melee: Unarmed           |    41 |    14 |    45 |    12 ||   112
       Bite              |     3 |     3 |     5 |     1 ||    12
 Cast: Summon Small Mamm |    26 |       |       |     1 ||    27
       Call Imp          |    20 |    56 |    37 |    17 ||   130
       Summon Ice Beast  |       |    11 |    85 |   152 ||   248
       Summon Lightning  |       |     3 |    66 |    96 ||   165
Invok: Channel Magic     |       |       |       |     5 ||     5
Evoke: Wand              |       |     1 |    22 |    20 ||    43
  Use: Scroll            |       |     8 |    12 |     8 ||    28
       Potion            |       |     3 |     2 |     4 ||     9
 Stab: Sleeping          |     2 |     1 |     1 |     1 ||     5
       Distracted        |       |     3 |     2 |       ||     5
Armor: Skin              |     3 |     3 |    10 |     6 ||    22
Dodge: Dodged            |    60 |    27 |    91 |   103 ||   281
Block: Other             |       |     1 |    38 |    29 ||    68
       Reflection        |       |       |     9 |       ||     9

Table legend: (Time is in decaauts)
 A = Elapsed time spent in this place.
 B = Non-inter-level travel time spent in this place.
 C = Inter-level travel time spent in this place.
 D = Time resting spent in this place.
 E = Time spent auto-exploring this place.
 F = Levels seen in this place.
 G = Mean time per level.
                   A        B        C        D        E       F      G
               +--------+--------+--------+--------+--------+-----+--------+
         Total |  19195 |  18443 |    752 |   6185 |   6959 |  17 | 1129.1 |
       Dungeon |  11336 |  10867 |    469 |   3133 |   4556 |  10 | 1133.6 |
        Temple |    166 |    126 |     40 |      0 |    123 |   1 |  166.0 |
          Lair |   7692 |   7451 |    241 |   3051 |   2279 |   6 | 1282.0 |
               +--------+--------+--------+--------+--------+-----+--------+

Top non-repeatable levels by time:
  Lair:6: 3065 daAuts
     D:5: 1757 daAuts
     D:8: 1574 daAuts
     D:4: 1341 daAuts
  Lair:4: 1258 daAuts
    D:10: 1220 daAuts
  Lair:3: 1215 daAuts
     D:6: 1117 daAuts
     D:7: 1080 daAuts
     D:3: 989 daAuts
  Lair:2: 937 daAuts
     D:1: 902 daAuts
     D:9: 753 daAuts
  Lair:1: 625 daAuts
     D:2: 599 daAuts
